 Dungeon Crawl Stone Soup version 0.31-a0-774-g0d66cbabe8 (webtiles) character file.

Game seed: 5428356946860730597

1906 puppykicker the Grappler (level 9, -7/61 HPs)
             Began as an Octopode Shapeshifter on Sept 18, 2023.
             Mangled by an orc warrior
             ... wielding a +0 trident
              (14 damage)
             ... on level 6 of the Dungeon.
             The game lasted 00:22:08 (5661 turns).

puppykicker the Grappler (Octopode Shapeshifter)    Turns: 5661, Time: 00:22:09

Health: -7/61      AC:  1    Str: 17    XL:     9   Next: 16%
Magic:  9/9        EV: 19    Int: 12    God:
Gold:   278        SH:  0    Dex: 12    Spells: 8/8 levels left

rFire   . .          .
                       - Unarmed
rCold   . . .        (no shield)
rNeg    . . .        (helmet currently unavailable)
rPois   +            (no amulet)
rElec   .            P - ring of poison resistance
rCorr   .            w - +5 ring of evasion
SInv    .            (no ring)
Will    .....        (no ring)
Stlth   ++           (no ring)
HPRegen 0.30/turn    (no ring)
MPRegen 0.11/turn    (no ring)
                     (no ring)

%: no passive effects
@: beast-form, hasted, glowing, very quick
A: beast (slay +2), almost no armour, amphibious, 8 rings, camouflage 1,
gelatinous body 1, (nimble swimmer 1), tentacles
a: Begin Untransformation


You were on level 6 of the Dungeon.
You were a hulking beast.
You visited 1 branch of the dungeon, and saw 6 of its levels.
You also visited: Ossuary.

You collected 278 gold pieces.

Inventory:

Hand Weapons
 b - a +0 sling
Missiles
 p - 7 boomerangs (quivered)
 s - 2 atropa-tipped darts
 F - 6 poisoned darts
Jewellery
 w - a +5 ring of evasion (right tentacle)
 P - a ring of poison resistance (left tentacle)
Talismans
 c - a flux talisman
 y - a beast talisman (active)
Wands
 z - a wand of roots (1)
Scrolls
 e - a scroll of fear
 g - a scroll of revelation
 h - a scroll of enchant armour
 j - a scroll of fog {unknown}
 k - 2 scrolls of enchant weapon {unknown}
 m - a scroll of butterflies
 o - a scroll of silence
 q - 5 scrolls of immolation {!r}
 r - a scroll of noise {!r}
 t - a scroll of teleportation
 u - 3 scrolls of poison {unknown}
 v - 3 scrolls of amnesia {unknown}
 B - 2 scrolls of blinking {!r}
Potions
 a - 2 potions of lignification {!q}
 f - a potion of degeneration {!q}
 l - a potion of brilliance {unknown}
 x - a potion of attraction {unknown}
 A - a potion of berserk rage {unknown}
 C - 2 potions of curing {unknown}


   Skills:
 + Level 5.4 Fighting
 - Level 4.2 Dodging
 - Level 4.3 Stealth
 * Level 8.7 Unarmed Combat
 + Level 4.6 Shapeshifting


You had 8 spell levels left.
You didn't know any spells.
Your spell library was empty.

Dungeon Overview and Level Annotations

Branches:
Dungeon (6/15)            Ossuary (visited)
 Temple: D:4-7

Altars:
Vehumet
Xom


Innate Abilities, Weirdness & Mutations

You are a hulking beast.
Your limbs bulge with bestial killing power. (Slay +2)
You cannot wear most types of armour.
You are amphibious.
You can wear up to eight rings at the same time.
Your skin changes colour to match your surroundings (Stealth+).
Your rubbery body absorbs attacks. (AC +1, EV +1)
((You are camouflaged when in or above water. (Stealth+)))
You have tentacles for arms and can constrict up to eight enemies at once.


Message History

Press: ? - help, Shift-Dir - straight line, f/p - orc warrior
Aim: an orc warrior, wielding a +0 trident, wearing a +0 plate armour and wearing an orb of light (moderately wounded, haloed, chance to affect: 49%)
The orc warrior resists with some effort.
The now-empty wand crumbles to dust.
No previous command to re-do.
Unknown command.
Aiming: Fastroot
Press: ? - help, Shift-Dir - straight line, f/p - orc warrior
Aim: an orc warrior, wielding a +0 trident, wearing a +0 plate armour and wearing an orb of light (moderately wounded, haloed)
The roots erupt in riotous growth!
Roots grab the orc warrior.
Roots grab the orc wizard.
The grasping roots constrict the orc warrior.
The grasping roots constrict the orc wizard.
You kill the orc wizard!
Reactivating autopickup.
The orc warrior hits you from afar with a +0 trident.
* * * LOW HITPOINT WARNING * * *
You take 5 damage, and have 29/61 hp.
Unknown command.
The grasping roots constrict the orc warrior.
The roots release their grip on the orc warrior.
The orc warrior hits you from afar with a +0 trident!
* * * LOW HITPOINT WARNING * * *
You take 11 damage, and have 18/61 hp.
Aiming: Fastroot
Press: ? - help, Shift-Dir - straight line, f/p - orc warrior
Aim: an orc warrior, wielding a +0 trident, wearing a +0 plate armour and wearing an orb of light (heavily wounded, haloed)
The roots erupt in riotous growth!
Roots grab the orc warrior.
The grasping roots constrict the orc warrior, but do no damage.
The orc warrior hits you from afar with a +0 trident!
* * * LOW HITPOINT WARNING * * *
You take 13 damage, and have 6/61 hp.
MASSIVE DAMAGE!!
The grasping roots constrict the orc warrior.
The roots release their grip on the orc warrior.
You feel yourself speed up. The orc warrior completely misses you.
The orc warrior attacks as it pursues you!
The orc warrior hits you from afar with a +0 trident!
You die...

#############
#####...........#############
#.....####......h.o..........
......####.......####>.....#.
####...(.##.#.....# #.####.#
.. #)###.##'#.....###)...#
...#)# #.#............##.#
...#.###.#.....#'####)# ..
...^..##.......#...........#
...#...........'..(..>.....#
...#.###.......######.####.#


You could see an orc warrior.

Levels and vault maps discovered:
D:1:      erik_arrival_orb_chamber, layout_loops_corners, minmay_pentomino_u4
D:2:      layout_basic, basic_altar, uniq_terence, uniq_jessica
D:3:      layout_loops_corners, uniq_ijyb, uniq_sigmund, uniq_grinder,
          uniq_crazy_yiuf_cottage
D:4:      layout_basic, minivault_25, uniq_eustachio
D:5:      layout_basic, lemuel_doored_altar
D:6:      layout_basic, lemuel_tele_altar, mainiacjoe_overflow_24_doors,
          nicolae_overflow_squiral, chequers_ossuary_entry_cave

Notes
Turn   | Place    | Note
-------+----------+-------------------------------------------
     0 | D:1      | puppykicker the Octopode Shapeshifter began the quest for
                  | the Orb.
     0 | D:1      | Reached XP level 1. HP: 13/13 MP: 1/1
   280 | D:1      | Identified a +0 short sword
   282 | D:1      | Identified a +0 club
   283 | D:1      | Identified a +0 short sword
   290 | D:1      | Identified a +0 sling
   292 | D:1      | Reached XP level 2. HP: 11/18 MP: 2/2
   309 | D:1      | Identified a +0 dagger
   336 | D:1      | Identified a +0 mace
   340 | D:1      | Identified a +0 dagger
   746 | D:1      | Identified a +0 short sword
   807 | D:1      | Identified a +0 whip
   850 | D:2      | Identified a +0 mace
   850 | D:2      | Identified a +2 scale mail of fire resistance
   850 | D:2      | Noticed Terence
   920 | D:2      | Found a shimmering altar of Xom.
   961 | D:2      | Reached skill level 4 in Unarmed Combat
   961 | D:2      | Reached XP level 3. HP: 17/23 MP: 3/3
  1113 | D:2      | Identified a +0 club
  1113 | D:2      | Identified a +0 robe
  1113 | D:2      | Noticed Jessica
  1132 | D:2      | Killed Jessica
  1141 | D:2      | Identified a +0 plate armour
  1193 | D:2      | Identified a +0 dagger
  1198 | D:2      | Reached XP level 4. HP: 28/28 MP: 4/4
  1222 | D:2      | Killed Terence
  1288 | D:2      | Identified a +0 hand axe
  1487 | D:2      | Identified a +0 short sword
  1591 | D:3      | Noticed Grinder
  1629 | D:3      | Identified a +0 club
  1629 | D:3      | Identified a +0 sling
  1672 | D:3      | Identified a +0 club
  1673 | D:3      | Identified a +0 whip
  1675 | D:3      | Identified a +0 flail
  1687 | D:3      | Reached skill level 2 in Fighting
  1691 | D:3      | Reached XP level 5. HP: 11/34 MP: 5/5
  1692 | D:3      | HP: 4/34 [gnoll/+0 flail[a gnoll bouda] (8)]
  1696 | D:3      | Identified a +0 club
  1696 | D:3      | Identified a +0 robe
  1829 | D:3      | Reached skill level 5 in Unarmed Combat
  1844 | D:3      | Identified a +0 club
  1844 | D:3      | Identified a +0 chain mail
  1844 | D:3      | Noticed Ijyb
  1853 | D:3      | Killed Ijyb
  1854 | D:3      | Reached skill level 3 in Dodging
  1925 | D:3      | Found a runed translucent door.
  1926 | D:3      | Identified a +2 quarterstaff of chaos
  1926 | D:3      | Identified a +0 cloak
  1926 | D:3      | Noticed Crazy Yiuf
  2064 | D:3      | Identified a +0 dagger
  2085 | D:3      | Identified a +0 dagger
  2090 | D:3      | Identified a +0 morningstar
  2212 | D:3      | Identified a +0 dagger
  2213 | D:3      | Identified a +0 club
  2213 | D:3      | Identified a +0 chain mail
  2213 | D:3      | Identified a +0 falchion
  2221 | D:3      | Identified a +0 club
  2349 | D:3      | Identified a +0 pair of boots
  2480 | D:3      | Identified a +0 club
  2506 | D:3      | Identified a +0 whip
  2506 | D:3      | Identified a +0 flail of draining
  2506 | D:3      | Identified a +0 ring mail
  2510 | D:3      | Identified a +0 dagger
  2510 | D:3      | Identified a +0 robe
  2511 | D:3      | Identified a +0 dagger
  2511 | D:3      | Identified a ring of poison resistance
  2531 | D:3      | Identified a +0 short sword
  2531 | D:3      | Identified a +0 leather armour
  2535 | D:3      | Reached XP level 6. HP: 41/41 MP: 6/6
  2555 | D:3      | Identified a +0 scythe
  2555 | D:3      | Identified a +1 robe of fire resistance
  2555 | D:3      | Noticed Sigmund
  2566 | D:3      | Identified 2 potions of degeneration
  2567 | D:3      | Identified 2 potions of haste
  2568 | D:3      | Identified a potion of might
  2571 | D:3      | HP: 5/41 [Sigmund/+0 scythe (10)]
  2595 | D:3      | Killed Grinder
  2596 | D:3      | Reached skill level 3 in Fighting
  2596 | D:3      | Reached skill level 6 in Unarmed Combat
  2596 | D:3      | Reached XP level 7. HP: 10/46 MP: 7/7
  2782 | D:3      | Identified a +0 short sword
  3020 | D:3      | Identified a +0 dagger
  3031 | D:3      | Identified a +0 dagger of holy wrath
  3031 | D:3      | Identified a +0 chain mail
  3031 | D:3      | Identified a +0 club
  3040 | D:3      | Identified a +0 dagger
  3040 | D:3      | Identified a +0 club
  3432 | D:3      | Killed Sigmund
  3433 | D:3      | Reached skill level 4 in Dodging
  3464 | D:3      | Killed Crazy Yiuf
  3531 | D:4      | Identified the +0 chain mail "Moynegra" {+Inv Fly rElec}
  3545 | D:4      | Identified a +0 short sword
  3615 | D:4      | Identified 2 scrolls of identify
  3615 | D:4      | Identified a scroll of enchant armour
  3617 | D:4      | Identified a scroll of immolation
  3662 | D:4      | Identified a scroll of butterflies
  3700 | D:4      | Reached skill level 1 in Stealth
  3801 | D:4      | Identified a +0 falchion
  3801 | D:4      | Identified a +1 leather armour of cold resistance
  3801 | D:4      | Noticed Eustachio
  3819 | D:4      | Reached skill level 4 in Fighting
  3825 | D:4      | Killed Eustachio
  3826 | D:4      | Reached skill level 2 in Stealth
  3826 | D:4      | Reached skill level 7 in Unarmed Combat
  3826 | D:4      | Reached XP level 8. HP: 20/54 MP: 8/8
  3990 | D:4      | Identified a +0 giant spiked club
  4046 | D:4      | Identified a +0 broad axe
  4142 | D:4      | Identified a +0 giant club
  4152 | D:4      | Identified a +0 robe
  4203 | D:4      | Reached skill level 3 in Stealth
  4276 | D:4      | Identified a +0 spear
  4432 | D:5      | Entered Level 5 of the Dungeon
  4476 | D:5      | Identified a +5 ring of evasion
  4476 | D:5      | Identified a +0 mace
  4479 | D:5      | Identified a +0 club
  4479 | D:5      | Identified a +0 leather armour
  4481 | D:5      | Identified a +0 dagger
  4481 | D:5      | Identified a +0 robe
  5061 | D:6      | Identified a +0 war axe
  5061 | D:6      | Identified a +0 robe
  5062 | D:6      | Identified a +0 sling
  5062 | D:6      | Identified a +0 dagger
  5062 | D:6      | Identified a +0 robe
  5065 | D:6      | Identified a +0 war axe
  5065 | D:6      | Identified a +0 robe
  5073 | D:6      | Reached skill level 4 in Shapeshifting
  5095 | D:6      | Identified a scroll of blinking
  5130 | D:6      | HP: 10/54 [electric eel/bolt of electricity (12)]
  5226 | D:6      | Identified a +0 hand axe
  5226 | D:6      | Identified a +0 short sword
  5227 | D:6      | Found a radiant altar of Vehumet.
  5228 | D:6      | Identified a +0 trident
  5228 | D:6      | Identified a +0 plate armour
  5259 | D:6      | Found a sand-covered staircase.
  5348 | Ossuary  | Entered an ossuary
  5367 | Ossuary  | Reached skill level 4 in Stealth
  5367 | Ossuary  | Reached skill level 8 in Unarmed Combat
  5380 | Ossuary  | Reached skill level 5 in Fighting
  5433 | Ossuary  | Reached XP level 9. HP: 43/61 MP: 9/9
  5479 | Ossuary  | Identified a scroll of revelation
  5480 | Ossuary  | Identified a scroll of teleportation
  5481 | Ossuary  | Identified a scroll of silence
  5482 | Ossuary  | Identified a scroll of noise
  5483 | Ossuary  | Identified a scroll of fear
  5639 | D:6      | Identified an orb of light
  5639 | D:6      | Identified a +0 dagger
  5639 | D:6      | Identified a +0 robe
  5640 | D:6      | Identified a +3 mace
  5658 | D:6      | HP: 6/61 [orc warrior/+0 trident (13)]
  5661 | D:6      | Mangled by an orc warrior

Table legend: (Time is in decaauts)
 A = Elapsed time spent in this place.
 B = Non-inter-level travel time spent in this place.
 C = Inter-level travel time spent in this place.
 D = Time resting spent in this place.
 E = Time spent auto-exploring this place.
 F = Levels seen in this place.
 G = Mean time per level.
                   A        B        C        D        E       F      G
               +--------+--------+--------+--------+--------+-----+--------+
         Total |   5627 |   5193 |    434 |    885 |   2986 |   7 |  803.9 |
       Dungeon |   5412 |   4978 |    434 |    854 |   2965 |   6 |  902.0 |
       Ossuary |    214 |    214 |      0 |     31 |     21 |   1 |  214.0 |
               +--------+--------+--------+--------+--------+-----+--------+

Top non-repeatable levels by time:
     D:3: 1736 daAuts
     D:1: 917 daAuts
     D:4: 910 daAuts
     D:2: 847 daAuts
     D:6: 550 daAuts
     D:5: 450 daAuts
 Ossuary: 214 daAuts

Table legend:
 A = Kills in this place as a percentage of kills in the entire game.
 B = Kills by you in this place as a percentage of kills by you in the entire game.
 C = Kills by friends in this place as a percentage of kills by friends in the entire game.
 D = Other kills in this place as a percentage of other kills in the entire game.
 E = Experience gained in this place as a percentage of experience gained in the entire game.
 F = Experience gained in this place divided by the number of levels of this place that you have seen.
                   A       B       C       D       E      F
               +-------+-------+-------+-------+-------+----------------------
         Total | 100.0 | 100.0 | 100.0 |   N/A | 100.0 | 389.1
       Dungeon |  86.6 |  86.4 | 100.0 |   N/A |  74.1 | 336.5
       Ossuary |  13.4 |  13.6 |   0.0 |   N/A |  25.9 | 705.0
               +-------+-------+-------+-------+-------+----------------------

Skill      XL: |  1  2  3  4  5  6  7  8 |
---------------+-------------------------+-----
Unarmed Combat | 4 5 6 7 8 |  8.7
Fighting       | 2 3 4 5 |  5.4
Dodging        | 3 4 |  4.2
Stealth        | 2 4 |  4.3
Shapeshifting  | 4 |  4.6

Action                     |  1- 3 |  4- 6 |  7- 9 || total
---------------------------+-------+-------+-------++-------
  Melee: Unarmed           |    45 |    76 |   145 ||   266
         Constrict         |    15 |    20 |    24 ||    59
         Tentacles         |    12 |    25 |    42 ||    79
         Punch             |     1 |     4 |     5 ||    10
   Fire: Sling             |     7 |     7 |       ||    14
  Throw: Boomerang         |       |     3 |    39 ||    42
  Evoke: Wand              |       |     2 |    14 ||    16
    Use: Potion            |       |     3 |     1 ||     4
         Scroll            |       |       |     9 ||     9
   Stab: Sleeping          |     4 |     2 |     3 ||     9
         Distracted        |       |     1 |       ||     1
 Armour: Skin              |    16 |    26 |    65 ||   107
  Dodge: Dodged            |    31 |    48 |   109 ||   188

Vanquished Creatures
  Sigmund (D:3)
  Eustachio (D:4)
  A water moccasin (D:6)
  2 ogres (D:4)
  2 elf zombies (Ossuary)
  2 wights (D:6)
  7 centaur zombies (Ossuary)
  An orc priest (D:3)
  Crazy Yiuf (D:3)
  3 human zombies (Ossuary)
  A jelly (D:4)
  2 iguanas (D:4)
  Jessica (D:2)
  A gnoll bouda (D:3)
  Ijyb (D:3)
  Terence (D:2)
  3 orc wizards
  A sleepcap (D:4)
  3 mummies (Ossuary)
  11 adders
  3 gnolls (D:3)
  3 dart slugs
  16 orcs
  3 endoplasms
  2 giant cockroaches (D:1)
  6 goblins
  6 hobgoblins
  A quokka (D:2)
  5 ball pythons
  7 bats
  A frilled lizard (D:1)
  7 kobolds
  4 rats
110 creatures vanquished.

Vanquished Creatures (collateral kills)
  Grinder (D:3)
  An orc (D:6)
2 creatures vanquished.

Vanquished Creatures (others)
  A wight (D:6)
  A howler monkey (D:6)
2 creatures vanquished.

Grand Total: 114 creatures vanquished
